 Dungeon Crawl Stone Soup version 0.19.0 (webtiles) character file.

105 CanadianGator the Chopper (level 4, 0/60 HPs)
             Began as a Minotaur Berserker on Nov 15, 2016.
             Was a Believer of Trog.
             Slain by Sigmund
             ... wielding a +0 scythe
              (4 damage)
             ... on level 3 of the Dungeon.
             The game lasted 00:09:39 (1785 turns).

CanadianGator the Chopper (Minotaur Berserker)      Turns: 1785, Time: 00:09:39

Health: 0/60       AC: 22    Str: 22    XL:     4   Next: 54%
Magic:  3/3        EV:  2    Int:  4    God:    Trog [**....]
Gold:   197        SH:  0    Dex: 10    Spells: 0 memorised, 3 levels left

rFire  . . .     SeeInvis .     a - +0 hand axe
rCold  . . .     Gourm    .     (armour currently unavailable)
rNeg   + + +     Faith    .     (no shield)
rPois  +         Spirit   .     (helmet currently unavailable)
rElec  .         Reflect  .     (cloak currently unavailable)
rCorr  .         Harm     .     (gloves currently unavailable)
MR     .....     NoTele   +     (boots currently unavailable)
Stlth  ++........               (no amulet)
                                (no ring)
                                r - ring of stealth

@: tree-form
A: (retaliatory headbutt), (horns 0)
a: Berserk, Trog's Hand, Burn Spellbooks, Renounce Religion


You were on level 3 of the Dungeon.
You worshipped Trog.
Trog was pleased with you.
You were not hungry.
You were a tree.
You visited 1 branch of the dungeon, and saw 3 of its levels.

You collected 197 gold pieces.

Inventory:

Hand Weapons
 a - a +0 hand axe (weapon)
Missiles
 j - 20 arrows
 p - 24 bolts
Armour
 b - a +0 animal skin
 e - a +0 ring mail (melded)
 h - a +2 pair of boots (melded)
Jewellery
 r - a ring of stealth (left branch)
Wands
 n - a wand of lightning (9/15)
Scrolls
 m - a scroll of enchant weapon {unknown}
Potions
 d - a potion of flight
 k - a potion of degeneration {unknown}
 l - a potion of beneficial mutation {unknown}
 o - a potion of curing {unknown}
 q - a potion of agility
Comestibles
 c - 4 bread rations
 f - 3 meat rations


   Skills:
 + Level 4.1 Fighting
 * Level 5.0 Axes
 * Level 3.3 Armour
 * Level 3.2 Dodging


You had 3 spell levels left.
You didn't know any spells.

Dungeon Overview and Level Annotations

Branches:
Dungeon (3/15)

Altars:
Xom

Annotations:
D:3 Grinder, Sigmund


Innate Abilities, Weirdness & Mutations

((You reflexively headbutt those who attack you in melee.))
((You have a pair of horns on your head.))


Message History

You barely miss the giant cockroach. You closely miss the crimson imp.
You hit the orc but do no damage. The orc hits you but does no damage.
Something hits you but does no damage. The orc hits you but does no damage.
The orc hits you from afar with a trident.
* * * LOW HITPOINT WARNING * * *
The giant cockroach bites you but does no damage.
The crimson imp shouts, "Take thy face hence, thou mewling pigeon-egg serf!"
The crimson imp barely misses you.
A crimson imp comes into view.
You closely miss the orc.
The orc is almost dead.
The crimson imp shouts!
You hit the orc. You miss the crimson imp.
You hit the giant cockroach but do no damage.
The crimson imp blinks!
The orc hits you but does no damage. x2
The giant cockroach bites you but does no damage.
The orc hits you but does no damage.
The crimson imp hits you but does no damage.
Something hits you.
You die...

.######## # ....... .#
###.. ....... ..
######... ......# .#
...#..# ##......# ..
#...# #......%. #.##
##.#.######.§......
#...##.......5..{# #
#.#.§........†5#
####..#.....†..)♣##.
...#.##........soo..#
.###.##..........lo.....
...#)##.................
####†...................
....#............>......
........................
...###.####..#..##...#.#
...# #..# #..#..# .#


You could see 2 crimson imps, 3 orcs, a leopard gecko and a giant cockroach.

Vanquished Creatures
  A crimson imp (D:3)
  A worm (D:3)
  2 leopard geckos
  An orc (D:3)
  4 giant cockroaches
  11 goblins
  7 hobgoblins
  10 jackals
  A quokka (D:3)
  7 frilled lizards
  7 kobolds
  9 rats
61 creatures vanquished.

Notes
Turn   | Place    | Note
-------+----------+-------------------------------------------
     0 | D:1      | CanadianGator the Minotaur Berserker began the quest for the Orb.
     0 | D:1      | Reached XP level 1. HP: 19/19 MP: 0/0
   224 | D:1      | Reached XP level 2. HP: 17/27 MP: 1/1
   415 | D:1      | Reached skill level 4 in Axes
   880 | D:2      | Reached XP level 3. HP: 33/33 MP: 2/2
   942 | D:2      | Reached ** piety under Trog
  1695 | D:3      | Found a shimmering altar of Xom.
  1717 | D:3      | Reached XP level 4. HP: 34/40 MP: 3/3
  1742 | D:3      | Noticed Sigmund
  1766 | D:3      | Noticed Grinder
  1780 | D:3      | Reached skill level 5 in Axes
  1785 | D:3      | Slain by Sigmund

Skill      XL: |  1  2  3  4 |
---------------+-------------+-----
Axes           | 4 5 |  5.0
Dodging        | 3 |  3.2
Armour         | 3 |  3.3
Fighting       | 4 |  4.1

Action                   |  1- 3 |  4- 6 || total
-------------------------+-------+-------++-------
Melee: Hand axe          |   104 |    36 ||   140
       Headbutt          |    14 |     3 ||    17
  Use: Scroll            |     4 |       ||     4
       Potion            |       |     3 ||     3
  Eat: Bread ration      |     1 |       ||     1
Armor: Animal skin       |     4 |       ||     4
       Ring mail         |    24 |    16 ||    40
       Skin              |       |    45 ||    45
Dodge: Dodged            |    64 |    17 ||    81
